Cogmind - Beta 16 @@@ ROGUE MODE // 2026.01.29 @ 22:58:57 Player: Xan Kriegor Result: Destroyed by G-47 Trooper with Particle Gun Performance ------------- Evolutions (0) 0 Regions Visited (2) 400 Robots Destroyed (5) 25 Value Destroyed (178) 178 Prototype IDs (0) 0 Alien Tech Used (0) 0 Bonus (0) 0 TOTAL SCORE: 603 Bonus ------- None Cogmind --------- Core Integrity 0/250 Matter 300/300 Energy 100/100 System Corruption 0% Temperature Cool (9) Movement Walking (190) Ox1 Location -10/Mines Parts ------- > --- POWER (1) -------- (None) > --- PROPULSION (2) --- Aluminum Leg Aluminum Leg > --- UTILITY (2) ------ Large Storage Unit Sensor Array > --- WEAPON (2) ------- Particle Gun Heavy Battle Rifle > --- INVENTORY (15) --- Ion Engine Ion Engine Light Treads Aluminum Leg Aluminum Leg Aluminum Leg Wheel Compact Wheel Heat Sink Improved Heat Sink Utility Shielding EM Pulse Gun Small Laser Datajack Peak State ------------ > --- POWER ------------ Light Nuclear Core > --- PROPULSION ------- Aluminum Leg Aluminum Leg > --- UTILITY ---------- Large Storage Unit Sensor Array > --- WEAPON ----------- Particle Gun Heavy Battle Rifle > --- INVENTORY -------- Ion Engine Ion Engine Ion Engine Light Treads Aluminum Leg Aluminum Leg Aluminum Leg Wheel Compact Wheel Heat Sink Improved Heat Sink Utility Shielding EM Pulse Gun Small Laser Datajack [Rating: 14] Favorites ----------- Power Ion Engine Engine Ion Engine Power Core Light Nuclear Core Propulsion Aluminum Leg Leg Aluminum Leg Utility Sensor Array Device Sensor Array Storage Large Storage Unit Protection Utility Shielding Weapon Small Laser Energy Gun Small Laser Ballistic Gun Assault Rifle Build | -11 -10 -10 ------- Run | Yrd Mat Min Slots Evolved . | . . . Power . | . . . Propulsion . | . . . Utility . | . . . Weapon . | . . . Parts Attached 12 | 6 3 3 Power 2 | 1 . 1 Engine 1 | 1 . . Core 1 | . . 1 Reactor . | . . . Propulsion 2 | 2 . . Treads . | . . . Leg 2 | 2 . . Wheel . | . . . Hover . | . . . Flight . | . . . Utility 4 | 1 3 . Device 1 | . 1 . Storage 2 | 1 1 . Processor . | . . . Hackware . | . . . Protection 1 | . 1 . Artifact . | . . . Weapon 4 | 2 . 2 Energy Gun 2 | 1 . 1 Energy Cannon . | . . . Ballistic Gun 2 | 1 . 1 Ballistic Cannon . | . . . Launcher . | . . . Special Weapon . | . . . Impact Weapon . | . . . Slashing Weapon . | . . . Piercing Weapon . | . . . Special Melee Weapon . | . . . Unidentified Prototypes . | . . . Parts Lost 3 | . . 3 Power 2 | . . 2 Propulsion . | . . . Utility . | . . . Weapon 1 | . . 1 Highest Loss Streak 1 | . . 1 To Critical Strikes . | . . . Average Backups 10 | 3 7 12 Power 1 | . 1 2 Propulsion 4 | 2 4 5 Utility 1 | . . 2 Weapon 1 | . 1 1 Tool/Special . | . . . Unused Backups 13 | . 1 12 Power 2 | . . 2 Propulsion 7 | . 1 6 Utility 2 | . . 2 Weapon 1 | . . 1 Tool/Special 1 | . . 1 Average Slot Usage (%) 98 | . 98 98 Engine 11 | . 14 10 Core 1 | . . 1 Leg 28 | . 28 28 Device 10 | . 5 14 Storage 14 | . 14 14 Protection 2 | . 7 . Energy Gun 15 | . 14 15 Ballistic Gun 12 | . 14 12 Peak Build Rating 14 | 6 7 14 Average Rating 8 | 4 6 10 On Entrance 4 | . 6 7 Avg Prop Armor Cover (%) . | . . . Naked Turns . | . . . Heaviest Build 33 | 13 29 33 Greatest Support 20 | 20 20 20 Greatest Overweight (x) 4 | 4 1 1 Average Overweight (x) . | . . 1 Largest Inventory Capacity 15 | 8 15 15 Average Capacity 12 | 7 10 15 Most Carried 15 | 6 8 15 Average Carried 10 | 4 7 12 Final Capacity 15 | 8 15 15 Final Carried 14 | 6 8 14 Class Distribution -------------------- 100% | Mutant Dominant Class ---------------- Mutant | -10/Materials Mutant | -10/Mines Resources | -11 -10 -10 ----------- Run | Yrd Mat Min Matter Collected 435 | 245 12 178 Remotely . | . . . Salvage Created 229 | . 12 217 Parts 12 | . 5 7 Haulers Intercepted . | . . . Recyclers Shooed . | . . . Parts Field Recycled . | . . . Retrieved Matter . | . . . Parts Self-Destructed . | . . . Prevented . | . . . Parts Restored . | . . . Kills | -11 -10 -10 ------- Run | Yrd Mat Min Combat Hostiles Destroyed 8 | . . 8 Guns 8 | . . 8 Classes Destroyed 3 | . 1 2 Operator 1 | . 1 . Grunt 4 | . . 4 Assembled 4 | . . 4 Best Kill Streak 4 | . 1 4 Combat Bots Only 4 | . . 4 Max Kills in Single Turn 1 | . 1 1 Gunslinging . | . . . Exploded . | . . . Melee . | . . . Uniques/NPCs Destroyed . | . . . Combat | -11 -10 -10 -------- Run | Yrd Mat Min Hostile Shots Fired 72 | . . 72 Missed 16 | . . 16 Hits 56 | . . 56 Melee 1 | . . 1 Projectile 55 | . . 55 Critical Strikes 1 | . . 1 Damage Taken 818 | . . 818 Core 253 | . . 253 Absorbed by Shields . | . . . Core Remaining (%) 100 | 100 . . Volleys Fired 37 | . 2 35 Largest 2 | . 2 2 Hottest 105 | . 60 105 Shots Fired 74 | . 4 70 Gun 74 | . 4 70 Cannon . | . . . Launcher . | . . . Special . | . . . Kinetic 36 | . 2 34 Thermal 38 | . 2 36 Explosive . | . . . Electromagnetic . | . . . Robot Hit Streak 8 | . 2 8 Robot Miss Streak 3 | . 1 3 Penetration Max . | . . . Secondary Targets 1 | . . 1 Max Gunslinging Chain 1 | . . 1 Shots Hit Robots 48 | . 3 45 Core Hits 19 | . 3 16 Critical Kills . | . . . Critical Parts Destroyed . | . . . Critical Strikes . | . . . Melee Attacks . | . . . Impact . | . . . Slashing . | . . . Piercing . | . . . Sneak Attacks . | . . . Combat Hostiles . | . . . Follow-up Attacks . | . . . Damage Inflicted 726 | . 38 688 Guns 723 | . 35 688 Cannons . | . . . Explosions . | . . . Melee . | . . . Ramming 3 | . 3 . Kinetic 419 | . 12 407 Thermal 304 | . 23 281 Explosive . | . . . Electromagnetic . | . . . Impact . | . . . Slashing . | . . . Piercing . | . . . Highest Corruption . | . . . Average Corruption . | . . . Corruption Purged . | . . . Corruption Blocked . | . . . Overload Shots . | . . . Overflow Damage . | . . . Projectiles . | . . . Explosions . | . . . Melee . | . . . Knockbacks . | . . . Impact . | . . . Kinetic . | . . . Secondary . | . . . Self-Inflicted Damage . | . . . Shots . | . . . Rammed . | . . . Targets Rammed 1 | . 1 . Kicked 1 | . 1 . Crushed . | . . . Highest Temperature 197 | . . 197 Average Temperature 71 | . . 71 Received Heat Transfer 383 | . . 383 Siege Activations . | . . . Martial Activations . | . . . Shielding Activations . | . . . Robots Disrupted . | . . . Combat Hostiles . | . . . Robots Corrupted . | . . . Combat Hostiles . | . . . Parts Fried . | . . . Impact Corruptions . | . . . Robots Melted . | . . . Combat Hostiles . | . . . Parts Melted 1 | . . 1 Heat Transferred 708 | . 50 658 Parts Sabotaged . | . . . Parts Stolen . | . . . Parts Stripped . | . . . Power Chain Reactions . | . . . Alert | -11 -10 -10 ------- Run | Yrd Mat Min Maximum Alert Level . | . . . Low Security (%) 100 | 100 100 100 Level 1 . | . . . Level 2 . | . . . Level 3 . | . . . Level 4 . | . . . Level 5 . | . . . High Security . | . . . Max Security . | . . . Peak Influence 50 | . 8 50 Initial . | . . . Average 3 | . . 6 Influence Increases 119 | . 18 101 Destroy 0b10 Robot/C 80 | . . 80 Destroy 0b10 Robot/NC 5 | . 5 . Destroy Leader 20 | . . 20 Successful Hack 13 | . 13 . Destroy Structure 1 | . . 1 Influence Decreases 119 | . 18 101 Time Decay 109 | . 18 91 Lost Part 10 | . . 10 Squads Dispatched . | . . . Investigation . | . . . Extermination . | . . . Reinforcement . | . . . Assault . | . . . Garrison . | . . . Intercept . | . . . Searches Triggered . | . . . Construction Impeded . | . . . Haulers Reinforced . | . . . Active Scanning Responses . | . . . Cargo Convoy Interrupts . | . . . Stealth | -11 -10 -10 --------- Run | Yrd Mat Min Distress Signals . | . . . Communications Jammed . | . . . Distress Signals . | . . . Times Spotted 14 | . 3 11 Peak Tracking Total 3 | . 3 3 Tactical Retreats 1 | . . 1 Traps | -11 -10 -10 ------- Run | Yrd Mat Min Traps Triggered 1 | . 1 . Indirectly . | . . . Trap Hack Attempts . | . . . Triggered . | . . . Disarmed . | . . . Reprogrammed . | . . . Reused . | . . . Traps Extracted . | . . . Installed . | . . . Triggered . | . . . Machines | -11 -10 -10 ---------- Run | Yrd Mat Min Machines Disabled . | . . . Max in Single Turn . | . . . Machines Repaired . | . . . Machines Dismantled . | . . . Machines Sabotaged . | . . . Overloaded Fab Kills . | . . . Hacking | -11 -10 -10 --------- Run | Yrd Mat Min Machines Accessed 3 | . 3 . Terminals 3 | . 3 . Fabricators . | . . . Repair Stations . | . . . Recycling Units . | . . . Scanalyzers . | . . . Garrison Access . | . . . Total Hacks 8 | . 8 . Successful 6 | . 6 . Failed 2 | . 2 . Catastrophic . | . . . Database Lockouts . | . . . Manual 1 | . 1 . Terminals 8 | . 8 . Fabricators . | . . . Repair Stations . | . . . Recycling Units . | . . . Scanalyzers . | . . . Garrison Access . | . . . Terminal Hacks 6 | . 6 . Record 3 | . 3 . Branch Access Points 1 | . 1 . Dispatch Records 1 | . 1 . Reinforcement Status 1 | . 1 . Fabricator Hacks . | . . . Repair Station Hacks . | . . . Recycling Unit Hacks . | . . . Scanalyzer . | . . . Garrison Access Hacks . | . . . Unauthorized Hacks . | . . . Terminals . | . . . Fabricators . | . . . Repair Stations . | . . . Recycling Units . | . . . Scanalyzers . | . . . Garrison Access . | . . . Data Cores Recovered 1 | . 1 . Used . | . . . Hacking Detections 2 | . 2 . Full Trace Events . | . . . Feedback Events . | . . . Feedback Blocked . | . . . Robot Schematics Acquired . | . . . Robots Built . | . . . Authchips . | . . . Time . | . . . Total Robot Build Rating . | . . . Part Schematics Acquired . | . . . Parts Built . | . . . Authchips . | . . . Time . | . . . Total Part Build Rating . | . . . Part Studies Acquired . | . . . Parts Repaired . | . . . Time . | . . . Parts Recycled . | . . . Recycled Matter . | . . . Retrieved Matter . | . . . Retrieved Components . | . . . Parts Scanalyzed . | . . . Part Schematics Acquired . | . . . Parts Damaged . | . . . Bothacking | -11 -10 -10 ------------ Run | Yrd Mat Min Used RIF Installer . | . . . Robots Hacked . | . . . Non-combat . | . . . Combat . | . . . Robot Hacks Applied . | . . . Relay Couplers Released . | . . . Fabnet Peak Effective % . | . . . Robots Rewired . | . . . Allies Hacked . | . . . Hacks Repelled . | . . . Allies | -11 -10 -10 -------- Run | Yrd Mat Min Total Allies . | . . . Largest Group . | . . . Highest-Rated Group . | . . . Highest-Rated Ally . | . . . Total Orders . | . . . Ally Attacks . | . . . Total Damage . | . . . Kills . | . . . Allies Corrupted . | . . . Allies Melted . | . . . Intel | -11 -10 -10 ------- Run | Yrd Mat Min Active Infowar (turns) 720 | . 159 561 Sensors 720 | . 159 561 Robot Analysis Total . | . . . Derelict Logs Recovered . | . . . Drone Launches . | . . . Drone Recoveries . | . . . Exploration | -11 -10 -10 ------------- Run | Yrd Mat Min Turns Passed 999 | 84 354 561 Spaces Moved 490 | 55 236 199 Core 13 | 13 . . Treads . | . . . Legs 477 | 42 236 199 Wheels . | . . . Hover . | . . . Flight . | . . . Fastest Speed 50 | 50 120 190 Average Speed 158 | 126 139 190 Slowest Speed 250 | 250 190 190 Overloaded Moves . | . . . Propulsion Burnouts . | . . . Robots Hopped . | . . . Potential Cave-ins . | . . . Cave-ins Triggered . | . . . Exploration Rate (%) 25 | 5 42 30 Regions Visited 2 Branch Regions 1 Pre-discovered Areas . | . . . Known Exits Taken 1 | . 1 . Unknown Exits Taken 1 | 1 . . Scrap Searched 1 | . . 1 Spaces Dug . | . . . Terrain Destroyed 1 | . . 1 Melee . | . . . Projectile 1 | . . 1 AOE . | . . . Terrain Rammed . | . . . Walls Destroyed . | . . . Machines Disabled . | . . . Actions | -11 -10 -10 --------- Run | Yrd Mat Min Total 634 | 66 257 311 Wait 76 | . 10 66 Move 488 | 54 235 199 Hop . | . . . Pick Up 16 | 6 3 7 Fast Attach 8 | 6 2 . Attach 2 | . . 2 Detach . | . . . Swap 4 | . 2 2 Drop 2 | . 2 . Fire 37 | . 2 35 Melee . | . . . Ram . | . . . Kick 1 | . 1 . Crush . | . . . Escape Stasis . | . . . Rewire . | . . . Trap . | . . . Miscellaneous . | . . . Route ------- -11/Scrapyard -10/Materials -10/Mines History --------- Turn | Location | Event 31 | -11/Scrapyard | Discovered new exit (range 15) 85 | -11/Scrapyard | Entered Materials 162 | -10/Materials | Identified exit to Mines 328 | -10/Materials | Build established: Mutant 439 | -10/Materials | Entered Mines 494 | -10/Mines | Met a Derelict bent on vengeance 659 | -10/Mines | Assembled infested the area 674 | -10/Mines | A weapon hastily lodged in a ceiling crevice suddenly fell to the ground 706 | -10/Mines | Core integrity fell below 50% 983 | -10/Mines | Core integrity fell below 20% 1000 | -10/Mines | Destroyed by G-47 Trooper with Particle Gun Last Messages --------------- 00695_ Lgt. Nuclear Core destroyed. 00699_ as-78951 destroyed. 00702_ Acquired 9 matter. 00704_ Acquired 5 matter. 00714_ as-25301 destroyed. 00733_ as-95746 destroyed. 00736_ Acquired 17 matter. 00761_ T-07 Excavator is excavating. 00793_ U-05 Engineer lays Concrete. 00796_ T-07 Excavator is excavating. 00797_ U-05 Engineer lays Concrete. 00799_ U-05 Engineer builds a Wall. 00800_ T-07 Excavator is excavating. 00875_ Acquired 14 matter. 00927_ Searching scrap... 00927_ Found Mining Laser. 00927_ Found Hcp. Matter Pod. 00927_ Found 68 Matter. 00965_ Ion Engine destroyed. 00989_ Acquired 18 matter. Map ----- +----------------------------------------------------+ | | | | | | | | | ??????????????????????????????????????? | | ??????????????????????????????????????? | | ??????????????????????????????????????? | | ????????????????????????????????????### | | ???????????????????????????????????## | | ???????????????????????????????????# | | ???????????????????????????????????# | | ???????"????????????????????????????# | | ??????? ????????????????????????????### | | ??????? ??????????????????????????????? | | ??????? ??????????????????????????????? | | ??????? ??????????????????????????????# | | ??????? ?????????????????????????????## | | ??????# #????????????????????????????# | | ??????# #????????????????????????????# | | ??????# #????????????????###?????????## | | ??????# #???????????????# #?????????# | | ??????# #???????????????# #?????????? | | ??????# #???????????????# #?????????? | | ?????## #????????????????# ##????##### | | ?????#; ########?????????# #???## | | ??????# k!%gg@#?????????## ##???# | | ??????########r#??????????# #????# | | ?????????????# #??????????# #???## | | ?????????????# #?????####?# #??## | | ?????????????# #????## ### #?## | | ??????########!#???## ## #?# % | | ??????# #%#??## #?# ## | | ??????# """ #*#### ### #?## # ### | | ??????# """ #= ##?# #??#?#% #?? | | ??????# """ #a### #??# #????# #?? | | ??????# # #### ##??# #????# #?? | | ??????# #####???# #????# #?? | | ??????# #### #???????# #????# ### | | ??????# ?% #???????# ###### | | ??????########### #???????# ### | | ????????????????# #???????####### ###?? | | ????????????????# #?????????????# #???? | | ????????????????# #?????????????# #???? | | ????????????????# #?????????????# #???? | | ????????????????# ????????????? #???? | | ????????????????# ?????????????###???? | | ????????????????###???????????????????? | | ??????????????????????????????????????? | | ??????????????????????????????????????? | | ??????????????????????????????????????? | +----------------------------------------------------+ Best States ------------- Heat Dissipation 25 Energy Generation 14 Energy Capacity 250 Matter Stores 300 Matter Capacity 300 Sight Range 16 Robot Scan Range 14 Terrain Scan Density 10 Utility Shielding 33 Evasion (%) 55 Item Schematics ----------------- None Robot Schematics ------------------ None Fabricated ------------ Nothing Repaired ---------- Nothing Studied --------- None Alien Tech Used ----------------- None Achievements -------------- None Challenges ------------ None Game ------ Seed NeutrinoThermalPendant Manual? 0 Play Time 00:12:56 Cumulative 35.3 hours Start 2026.01.29 @ 22:43:57 End 2026.01.29 @ 22:58:57 Sessions 1 Manual Loads 0 Difficulty Rogue Special Mode None Game No. 28 Rogue 28 Adventurer 0 Explorer 0 Win Type - Total 0 Types 0/0/0/0/0/0/0/0/0/0 Lore% 13 Gallery% 28 Achievement% 15 Wizard Run 0 Options --------- Layout 0 ASCII 0 Keyboard 0 Movement Numpad Keybinds 0 Fullscreen 2 Font 18/Smallcaps Map View 76x50 Zoom Use 0% Tactical HUD 1 Map Filters NONE Filters NONE Steam 1 RUN: 508ae819-6875-4898-86db-9c459b8794e9